 Dungeon Crawl Stone Soup version 0.27-a0-393-gba1aca71f1 (webtiles) character file.

Game seed: 3557181200383920470

1485 CryoSword the Cutter (level 8, -3/41 (42) HPs)
             Began as a Vine Stalker Warper on Feb 20, 2021.
             Was a Follower of Uskayaw.
             Slain by a killer bee (6 damage)
             ... on level 6 of the Dungeon.
             The game lasted 00:13:43 (6280 turns).

CryoSword the Cutter (Vine Stalker Warper)          Turns: 6280, Time: 00:13:43

HP:   -3/41 (42)    AC:  9    Str: 19    XL:     8   Next: 79%
MP:   0/12          EV: 13    Int: 13    God:    Uskayaw [*.....]
Gold: 268           SH:  0    Dex: 17    Spells: 9/11 levels left

rFire    . . .     SeeInvis .   a - +1 short sword
rCold    . . .     Faith    .   (no shield)
rNeg     . . .     Spirit   +   w - +0 ring mail
rPois    .         Reflect  .   (no helmet)
rElec    .         Harm     .   A - +0 cloak
rCorr    .         Rampage  .   x - +0 pair of gloves
Will     ++...                  v - +1 pair of boots
Stlth    ++........             u - amulet of the acrobat
HPRegen  1.13/turn              s - +6 ring of strength
MPRegen  0.13/turn              b - ring of willpower

@: lethally poisoned (-3 -> -4), lightly drained
A: fangs 3, regeneration 1, magic shield, antimagic bite, no potion heal 3
a: Renounce Religion, Stomp


You were on level 6 of the Dungeon.
You worshipped Uskayaw.
Uskayaw was noncommittal.
You visited 1 branch of the dungeon, and saw 7 of its levels.

You collected 331 gold pieces.
You spent 63 gold pieces at shops.

Inventory:

Hand Weapons
 a - a +1 short sword (weapon)
Missiles
 t - 13 boomerangs (quivered)
Armour
 n - a scarf of resistance
   (You found it on level 2 of the Dungeon)
 v - a +1 pair of boots (worn)
   (You found it on level 3 of the Dungeon)
 w - a +0 ring mail (worn)
   (You found it on level 3 of the Dungeon)
 x - a +0 pair of gloves (worn)
   (You bought it in a shop on level 4 of the Dungeon)
 A - a +0 cloak (worn)
   (You found it on level 6 of the Dungeon)
Jewellery
 b - a ring of willpower (right hand)
   (You found it on level 4 of the Dungeon)
 c - a +6 ring of dexterity {unknown}
   (You found it on level 4 of the Dungeon)
 s - a +6 ring of strength (left hand)
   (You found it on level 3 of the Dungeon)
 u - an amulet of the acrobat (around neck)
   (You found it on level 3 of the Dungeon)
 y - an amulet of magic regeneration {unknown}
   (You found it on level 6 of the Dungeon)
Wands
 f - a wand of iceblast (12)
   (You found it on level 5 of the Dungeon)
Scrolls
 d - 4 scrolls of blinking
 e - 2 scrolls of amnesia {unknown}
 h - 4 scrolls of noise {unknown}
 i - 3 scrolls of enchant armour
 k - 4 scrolls of enchant weapon
 m - a scroll of magic mapping {unknown}
 o - 2 scrolls of random uselessness {unknown}
 r - 2 scrolls of teleportation {@r4}
 z - a scroll of identify {@r1}
Potions
 g - a potion of mutation {!q}
 j - a potion of lignification {unknown}
 l - 2 potions of curing {@q1}
 p - a potion of attraction {unknown}
 q - a potion of magic {unknown}


   Skills:
 + Level 4.1 Fighting
 * Level 5.7 Short Blades
 - Level 0.8 Throwing
 - Level 0.7 Armour
 + Level 3.7 Dodging
 + Level 5.3 Stealth
 - Level 2.1 Spellcasting
 - Level 5.1 Translocations
 + Level 2.0 Invocations


You had 9 spell levels left.
You knew the following spells:

 Your Spells              Type           Power        Failure   Level
a - Blink                 Tloc           N/A          8%          2

Your spell library contained the following spells:

 Spells                   Type           Power        Failure   Level
 Gell's Gravitas          Tloc           7%           16%         3
 Lesser Beckoning         Tloc           7%           16%         3
 Teleport Other           Tloc           14%          16%         3
 Manifold Assault         Tloc           14%          45%         4


Dungeon Overview and Level Annotations

Branches:
Dungeon (7/15)             Temple (0/1) D:5

Altars:
Cheibriados
Dithmenos
Sif Muna
Uskayaw
Zin

Shops:
D:4 [

Annotations:
D:5 3 runed translucent doors, supsnack's ghost, novice DrCj


Innate Abilities, Weirdness & Mutations

You have razor-sharp teeth.
Your natural rate of healing is unusually fast.
When hurt, damage is shared between your health and your magic reserves.
Your bite disrupts and absorbs the magic of your enemies.
Potions cannot restore your health.


Message History

The worker ant bites you.
You hit the worker ant but do no damage.
You bite the worker ant.
You kill the worker ant!
Okay, then.
You see here a dagger.
There is a stone staircase leading down here.
Found an escape hatch in the ceiling.
There is an escape hatch in the ceiling here.
There is an escape hatch in the ceiling here.
Found a shimmering blue altar of Sif Muna.
There is a shimmering blue altar of Sif Muna here.
Done exploring.
Done exploring.
Done exploring.
There is a stone staircase leading down here.
You climb downwards. 2 wights come into view.
Found a stone staircase leading down.
There is a stone staircase leading up here.
A wight comes into view. It is wielding a +0 halberd.
The wight completely misses you.
You hit the wight but do no damage. You puncture the wight! You bite the wight.
You drain its power. The wight hits you with a +0 trident.
You feel drained. The wight closely misses you.
You hit the wight. You bite the wight. You drain its power.
The wight barely misses you.
The wight hits you from afar with a +0 halberd.
You feel drained.
You can now pass through a line of other dancers.
The wight completely misses you.
There is a stone staircase leading up here.
The wight closely misses you. The wight hits you with a +0 scimitar.
You feel drained. The wight closely misses you.
You hit the wight. Your bite misses the wight.
The wight hits you with a +0 halberd! The wight barely misses you.
There is a stone staircase leading up here.
The wight completely misses you. The wight barely misses you.
You climb upwards.
There is a stone staircase leading down here.
You closely miss the wight. The wight barely misses you.
You hit the wight. You puncture the wight!
The wight hits you but does no damage.
You hit the wight. Your bite misses the wight. The wight barely misses you.
Uskayaw will force your foes to helplessly watch your dance.
Uskayaw prepares the audience for your solo!
The helpless wight fails to defend itself.
You spit the wight like a pig!!!
You destroy the wight!
Things that are here:
a +0 scimitar; a +0 robe Uskayaw will no longer force your foes to helplessly watch your dance.
You can no longer pass through a line of other dancers.
There is a stone staircase leading up here.
There is a stone staircase leading down here.
You climb downwards.
A killer bee comes into view.
There is a stone staircase leading up here.
Found a robe. 5 killer bees come into view.
The killer bee buzzes angrily. x5; You hear an angry buzzing noise. x4
The killer bee barely misses you.
A killer bee comes into view. x2
The killer bee moves out of view. x2
Found a dagger.
A killer bee comes into view.
You miss the killer bee.
The killer bee buzzes angrily.
You bite the killer bee! You drain its power.
You hear an angry buzzing noise.
The killer bee barely misses you.
You miss the killer bee.
The killer bee buzzes angrily.
Your bite misses the killer bee.
The killer bee stings you but does no damage. x2
The killer bee completely misses you.
A killer bee comes into view.
You barely miss the killer bee. The killer bee stings you.
You are poisoned.
The killer bee poisons you!
The killer bee stings you but does no damage.
You miss the killer bee.
The killer bee buzzes angrily.
Your bite misses the killer bee.
You feel sick.
A killer bee comes into view.
The killer bee stings you but does no damage. x2
You stomp with the beat, sending a shockwave through the revellers around you!
You can no longer stomp with the beat.
You feel sick. The killer bee misses you. The killer bee barely misses you.
The killer bee stings you!
You are more poisoned.
The killer bee poisons you! The killer bee misses you.
The killer bee stings you. The killer bee barely misses you.
You can now stomp with the beat.
You stomp with the beat, sending a shockwave through the revellers around you!
You can no longer stomp with the beat.
You feel sick. The killer bee stings you. The killer bee misses you.
The killer bee stings you but does no damage.
The killer bee stings you.
You are more poisoned.
The killer bee poisons you! The killer bee stings you.
The killer bee barely misses you.
The killer bee stings you but does no damage. x3
You can now stomp with the beat.
You feel sick. The killer bee completely misses you. The killer bee misses you.
You feel sick. The killer bee misses you.
The killer bee stings you but does no damage.
The killer bee misses you.
There is a stone staircase leading up here.
You feel sick. The killer bee closely misses you.
The killer bee stings you but does no damage. x2
The killer bee barely misses you. The killer bee misses you.
The killer bee stings you but does no damage.
The killer bee barely misses you.
You climb upwards.
You feel sick.
There is a stone staircase leading down here.
You stomp with the beat, sending a shockwave through the revellers around you!
You kill the killer bee!
You can no longer stomp with the beat.
You feel sick.
The killer bee stings you but does no damage. x3
The killer bee misses you. The killer bee barely misses you. x2
You can now stomp with the beat.
Your Invocations skill increases to level 2!
You don't have enough magic at the moment.
Unknown command.
You miss the killer bee. Your bite misses the killer bee.
You feel sick. The killer bee barely misses you.
The killer bee stings you but does no damage.
The killer bee barely misses you. x2
The killer bee stings you but does no damage.
You hit the killer bee but do no damage.
Your bite misses the killer bee.
You feel sick. The killer bee stings you.
* * * LOW HITPOINT WARNING * * *
The killer bee stings you!
* * * LOW HITPOINT WARNING * * *
The killer bee misses you. The killer bee closely misses you.
The killer bee misses you. The killer bee stings you.
* * * LOW HITPOINT WARNING * * *
You hit the killer bee but do no damage.
You feel sick. The killer bee barely misses you.
The killer bee closely misses you. The killer bee stings you.
* * * LOW HITPOINT WARNING * * *
The killer bee stings you.
You die...

......#.#..........#
......#.#.####.....#
..###...#.###.....##
..#
#.###.##.......##
..###.#
#.#.........#
......#
#†#.........#
.####.#
#.#.........# .# #.#
#.##...y...##
.####.# #.###...@y##
...##.# #.# ##..y##
.#.##.###.## ##.##
......##...## #.#
.#.####.....###.#
...# #.........#
.### ##.....#####
.#####.....##
.....<....##


You could see 3 killer bees.

Vanquished Creatures
  Sigmund (D:6)
  Menkaure (D:4)
  2 sky beasts (D:6)
  A black bear (D:5)
  An ogre (D:4)
  A centaur (D:3)
  A phantom (D:4)
  A killer bee (D:6)
  A wight (D:6)
  A centaur skeleton (D:5)
  A hound (D:5)
  2 orc priests
  A bullfrog skeleton (D:5)
  An iguana (D:6)
  4 orc wizards
  6 worker ants
  A hound skeleton (D:4)
  A howler monkey skeleton (D:6)
  3 gnolls
  5 adders
  A shadow imp (D:5)
  2 worms
  2 dart slugs (D:2)
  2 leopard geckos
  17 orcs
  5 giant cockroaches
  8 goblins
  7 hobgoblins
  14 jackals
  5 quokkas
  7 bats
  2 frilled lizards
  10 kobolds
  7 rats
  A bush (D:2)
126 creatures vanquished.

Vanquished Creatures (others)
  3 plants (D:2)
3 creatures vanquished.

Grand Total: 129 creatures vanquished

Notes
Turn   | Place    | Note
-------+----------+-------------------------------------------
     0 | D:1      | CryoSword the Vine Stalker Warper began the quest for the
                  | Orb.
     0 | D:1      | Reached XP level 1. HP: 11/11 MP: 4/4
   149 | D:1      | Reached XP level 2. HP: 7/15 MP: 6/6
   603 | D:1      | Reached skill level 1 in Stealth
   874 | D:1      | Reached XP level 3. HP: 5/18 MP: 5/7
  2017 | D:2      | Gained mutation: Your natural rate of healing is unusually
                  | fast. [Vine Stalker growth]
  2017 | D:2      | Reached XP level 4. HP: 21/23 MP: 8/8
  2873 | D:3      | Noticed a centaur
  2947 | D:3      | Killed a centaur
  2948 | D:3      | Reached XP level 5. HP: 25/27 MP: 9/9
  3393 | D:4      | Found Naoxzyufipp's Armour Shoppe.
  3404 | D:4      | Reached XP level 6. HP: 32/32 MP: 10/10
  3420 | D:4      | Bought a +0 pair of gloves for 63 gold pieces
  3576 | D:4      | Reached XP level 7. HP: 22/36 MP: 8/11
  3602 | D:4      | Learned a level 2 spell: Blink
  3810 | D:4      | Noticed Menkaure
  4185 | D:4      | Killed Menkaure
  4199 | D:4      | Found a snail-covered altar of Cheibriados.
  4200 | D:4      | Found a shadowy altar of Dithmenos.
  4536 | D:5      | Entered Level 5 of the Dungeon
  4821 | D:5      | Found a runed translucent gate.
  4821 | D:5      | Found a runed translucent gate.
  4821 | D:5      | Found a runed translucent gate.
  4997 | D:5      | Found a hide-covered altar of Uskayaw.
  5013 | D:5      | Became a worshipper of Uskayaw the Reveller
  5028 | D:5      | Reached * piety under Uskayaw
  5032 | D:5      | Found a staircase to the Ecumenical Temple.
  5034 | D:5      | Reached ** piety under Uskayaw
  5036 | D:5      | Reached *** piety under Uskayaw
  5038 | D:5      | Gained mutation: You have razor-sharp teeth. [Vine Stalker
                  | growth]
  5038 | D:5      | Reached XP level 8. HP: 40/40 MP: 12/12
  5040 | D:5      | Reached **** piety under Uskayaw
  5181 | D:5      | Reached skill level 5 in Short Blades
  5288 | D:5      | Noticed supsnack's ghost (novice DrCj)
  5383 | D:6      | Reached skill level 1 in Invocations
  5481 | D:6      | Reached skill level 5 in Translocations
  5567 | D:6      | Reached skill level 5 in Stealth
  5669 | D:6      | Found a glowing silver altar of Zin.
  5884 | D:6      | Noticed Sigmund
  5900 | D:6      | Killed Sigmund
  6156 | D:6      | Found a shimmering blue altar of Sif Muna.
  6280 | D:6      | Slain by a killer bee

Illustrated notes

Levels and vault maps discovered:
D:1:      dpeg_arrival_shrine, layout_rooms, minmay_misc_feat_plants
D:2:      layout_loops_ring, serial_forest, infiniplex_forest_end_3,
          infiniplex_forest_split, infiniplex_forest_end_1,
          infiniplex_forest_lined_room_2
D:3:      layout_rooms
D:4:      layout_cave_pools, chequers_temple_overflow_statue_of_worship,
          serial_shops, shop, uniq_menkaure
D:5:      black_bear_nest_1, layout_cave_pools, minmay_temple_entry_nine_rooms,
          gammafunk_ghost_icy, basic_altar
D:6:      layout_loops_ring, nicolae_overflow_crystal_walls, marbit_many_paths,
          uniq_sigmund
D:7:      layout_loops_ring, vehumet_statue, minmay_overflow_temple_star_hex,
          kennysheep_path_1, uniq_crazy_yiuf_cottage

Skill      XL: |  1  2  3  4  5  6  7  8 |
---------------+-------------------------+-----
Short Blades   | 2 3 4 5 |  5.7
Stealth        | 1 2 3 4 5 |  5.3
Fighting       | 2 3 4 |  4.1
Dodging        | 2 3 |  3.7
Translocations | 4 5 |  5.1
Invocations    | 2 |  2.0
Throwing       | |  0.8
Armour         | |  0.7
Spellcasting   | |  2.1

Action                   |  1- 3 |  4- 6 |  7- 9 || total
-------------------------+-------+-------+-------++-------
Melee: Short sword       |   164 |   304 |   214 ||   682
       Bite              |    36 |   119 |    81 ||   236
Throw: Boomerang         |       |     5 |       ||     5
Invok: Stomp             |       |       |     4 ||     4
       Line Pass         |       |       |     3 ||     3
  Use: Scroll            |       |       |     6 ||     6
 Stab: Sleeping          |     4 |     3 |     3 ||    10
       Distracted        |       |     1 |       ||     1
       Paralysed         |       |       |     3 ||     3
       Confused          |       |       |     1 ||     1
Armor: Leather armour    |    39 |    20 |       ||    59
       Ring mail         |       |    15 |    85 ||   100
Dodge: Dodged            |   112 |   118 |   146 ||   376

Table legend: (Time is in decaauts)
 A = Elapsed time spent in this place.
 B = Non-inter-level travel time spent in this place.
 C = Inter-level travel time spent in this place.
 D = Time resting spent in this place.
 E = Time spent auto-exploring this place.
 F = Levels seen in this place.
 G = Mean time per level.
                   A        B        C        D        E       F      G
               +--------+--------+--------+--------+--------+-----+--------+
         Total |   6247 |   5825 |    422 |   1101 |   3247 |   7 |  892.4 |
       Dungeon |   6247 |   5825 |    422 |   1101 |   3247 |   7 |  892.4 |
               +--------+--------+--------+--------+--------+-----+--------+

Top non-repeatable levels by time:
     D:2: 1594 daAuts
     D:1: 1157 daAuts
     D:3: 1120 daAuts
     D:6: 910 daAuts
     D:5: 783 daAuts
     D:4: 656 daAuts
     D:7: 24 daAuts
